 Dungeon Crawl Stone Soup version 0.29-a0-887-gcbe080d7e0 (webtiles) character file.

Game seed: 6804873451998740400

13033 spiderkeys the Destroyer (level 12, -9/66 HPs)
             Began as an Octopode Conjurer on July 21, 2022.
             Was an Initiate of Gozag.
             Killed from afar by a bog body (43 damage)
             ... with a bolt of cold
             ... on level 2 of the Lair of Beasts.
             The game lasted 00:24:23 (13501 turns).

spiderkeys the Destroyer (Octopode Conjurer)       Turns: 13501, Time: 00:24:24

Health: -9/66      AC:  5    Str:  8    XL:     12   Next: 1%
Magic:  24/26      EV: 13    Int: 24    God:    Gozag
Gold:   1505       SH:  0    Dex: 16    Spells: 20/31 levels left

rFire   . . .      SeeInvis .   k - +2 dagger (venom)
rCold   . . .      Faith    .   (no shield)
rNeg    . . .      Spirit   .   (helmet restricted)
rPois   .          Reflect  .   m - amulet of magic regeneration
rElec   .          Harm     .   D - +6 ring of dexterity
rCorr   +          Rampage  .   R - ring of resist corrosion
Will    .....                   O - +4 ring of protection
Stlth   +++.......              (no ring)
HPRegen 0.21/turn               (no ring)
MPRegen 0.60/turn               (no ring)
                                (no ring)
                                (no ring)

@: no status effects
A: almost no armour, amphibious, 8 rings, camouflage 1, gelatinous body 1,
(nimble swimmer 1), tentacles
a: Renounce Religion, Potion Petition, Call Merchant, Bribe Branch


You were on level 2 of the Lair of Beasts.
You worshipped Gozag.
Gozag was most pleased with you.
You visited 3 branches of the dungeon, and saw 13 of its levels.
You also visited: Ossuary.

You collected 1651 gold pieces.
You paid 146 gold pieces to Gozag.


Innate Abilities, Weirdness & Mutations

You cannot wear most types of armour.
You are amphibious.
You can wear up to eight rings at the same time.
Your skin changes colour to match your surroundings (Stealth+).
Your rubbery body absorbs attacks. (AC +1, EV +1)
((You are camouflaged when in or above water. (Stealth+)))
You have tentacles for arms and can constrict up to eight enemies at once.


   Skills:
 - Level 2.0 Dodging
 - Level 2.6 Stealth
 - Level 10.0 Spellcasting
 - Level 12.0 Conjurations
 + Level 7.8 Hexes
 + Level 7.8 Translocations


You had 20 spell levels left.
You knew the following spells:

 Your Spells              Type           Power      Damage    Failure   Level
f - Fulminant Prism       Conj/Hex       28%        3d14      1%          4
i - Iskenderun's Mystic   Conj/Tloc      56%        2d12      1%          4
m - Magic Dart            Conj           100%       1d8       1%          1
s - Searing Ray           Conj           100%       2d8       1%          2

Your spell library contained the following spells:

 Spells                   Type           Power      Damage    Failure   Level
 Shock                    Conj/Air       100%       1d9       1%          1
 Conjure Flame            Conj/Fire      40%        6-21      1%          3
 Dazzling Flash           Conj/Hex       100%       N/A       1%          3
 Mephitic Cloud           Conj/Pois/Air  31%        N/A       3%          3
 Sticky Flame             Conj/Fire      40%        2d6       4%          4
 Necrotise                Necr           48%        1d6       5%          1
 Call Imp                 Summ           12%        N/A       8%          2
 Swiftness                Air            12%        N/A       16%         3
 Vampiric Draining        Necr           12%        2d6       16%         3
 Airstrike                Air            6%         0-3+      45%         4
 Agony                    Necr           12%        N/A       82%         5
 Death's Door             Necr           6%         N/A       100%        9
 Corpse Rot               Necr/Pois/Air  Unusable   N/A       N/A         4

Inventory:

Hand Weapons
 c - a +0 rapier
   (You found it on level 1 of the Dungeon)
 d - a +3 long sword of freezing
   (You took it off a wight on level 7 of the Dungeon)
 k - a +2 dagger of venom (weapon)
   (You found it on level 4 of the Dungeon)
 l - a +0 short sword of protection
   (You took it off a kobold on level 3 of the Dungeon)
Missiles
 g - a curare-tipped dart {=f}
 h - 3 throwing nets {=f!f}
 j - 96 stones
 n - 14 poisoned darts
 w - 4 boomerangs
Magical Staves
 I - a staff of cold {!a}
   (You found it on level 8 of the Dungeon)
Jewellery
 m - an amulet of magic regeneration (around mantle)
   (You found it on level 5 of the Dungeon)
 D - a +6 ring of dexterity (left tentacle)
   (You found it on level 1 of the Dungeon)
 F - a ring of fire
   (You found it on level 3 of the Dungeon)
 G - an amulet of guardian spirit
   (You found it on level 5 of the Dungeon)
 O - a +4 ring of protection (on tentacle)
   (You found it on level 2 of the Lair of Beasts)
 R - a ring of resist corrosion (right tentacle)
   (You found it on level 3 of the Dungeon)
Wands
 p - a wand of polymorph (8)
   (You found it on level 5 of the Dungeon)
 t - a wand of flame (18)
   (You found it on level 6 of the Dungeon)
 E - a wand of paralysis (3)
   (You took it off an orc on level 8 of the Dungeon)
Scrolls
 e - 6 scrolls of magic mapping {!r}
 f - a scroll of poison {!r}
 i - 5 scrolls of teleportation {@r4}
 r - a scroll of fog
 u - 4 scrolls of immolation {!r!r}
 v - a scroll of brand weapon
 x - 3 scrolls of identify {@r1}
 y - a scroll of vulnerability {!r!r}
Potions
 a - 4 potions of magic
 b - 2 potions of invisibility
 o - 2 potions of flight
 q - 2 potions of heal wounds {@q2}
 s - 5 potions of mutation {!q}
 z - a potion of ambrosia
 A - a potion of brilliance
 B - a potion of attraction {!q}
 C - 2 potions of haste {@q3}
 H - 2 potions of might
 J - 2 potions of lignification {!q}
 L - a potion of curing {@q1}
Miscellaneous
 K - a piece from Xom's chessboard (15/15)
   (You found it on level 9 of the Dungeon)

Dungeon Overview and Level Annotations

Branches:
Dungeon (10/15) Zot: 26177  Temple (1/1) D:7 Zot: 5900    Lair (2/5) D:8 Zot: 10661
  Swamp (0/4) Lair:2      Ossuary (visited)
  Snake: Lair:2-3    Spider: Lair:2-3       Orc: D:9-12

Altars:
Ashenzari
Dithmenos
Elyvilon
Fedhas
Gozag
Hepliaklqana
Kikubaaqudgha
Nemelex Xobeh
Qazlal
Ru
Sif Muna
Trog
Vehumet
Wu Jian
Zin

Shops:
D:1 *   D:3 (   D:6 [   D:7 =

Annotations:
D:5 3 runed translucent doors, kevlar127's ghost, novice TrBe
D:8 3 runed translucent doors, xian's ghost, novice DsCj

.......!.###
#.......#
......<....#
##.##....#
.....#.....#
##..###..## ....
..n≈§..# #..## #...#
### #.§♣n§≈.# ##.##
##### ..≈§§§≈..#
###..#
#..§≈♣♣≈.####.#.###
##..♣≈≈Y.###.#....##
.#...$..##..@.....#
#....#..........#
#n....########
#......# ###.....#
##..### #..# ###. #


You could see a bog body.


Message History

The spriggan shouts!
A fulminant prism comes into view.
A flash freeze appears from out of your range of vision.
The flash freeze hits your fulminant prism!!
Your fulminant prism partially resists. 😎 MP[-4]
You lost 4 mp, and now have 14/25 mp.
Casting: Fulminant Prism (dangerous; 1% risk of failure)
Confirm with . or Enter, or press ? or * to list all spells.
Aiming: Fulminant Prism (dangerous; 1% risk of failure)
Press: ? - help, Dir - move target You conjure a prism of explosive energy!
A fulminant prism comes into view. 😎 MP[-3]
You lost 3 mp, and now have 11/25 mp.
Your fulminant prism crackles loudly. 😎 MP[+1]
The blast of energy engulfs the spriggan!
You hear an angry hiss.
Casting: Fulminant Prism (dangerous; 1% risk of failure)
Confirm with . or Enter, or press ? or * to list all spells.
You erupt in a blast of force!
The mystic blast hits the spriggan!
The spriggan is knocked back by the mystic blast. 😎 MP[-3]
You lost 3 mp, and now have 9/25 mp.
Casting: Iskenderun's Mystic Blast (dangerous; 1% risk of failure)
Confirm with . or Enter, or press ? or * to list all spells.
Aiming: Searing Ray (safe; 1% risk of failure)
Press: ? - help, Shift-Dir - straight line, f - spriggan
Aim: a spriggan, wielding a +0 dagger and wearing a +2 robe of willpower (almost dead, 65% to hit)
The searing ray hits the spriggan!
You kill the spriggan! (Press . to maintain the ray.) 😎 MP[-2]
You lost 2 mp, and now have 7/25 mp.
You now have 1477 gold pieces (gained 8).
You now have 1481 gold pieces (gained 4).
Things that are here:
a +0 dagger; a +0 robe; a +2 buckler 😎 MP[+18]
Your mp is fully restored (25).
A rime drake is nearby!
A rime drake is nearby!
Casting: Searing Ray (safe; 1% risk of failure)
Confirm with . or Enter, or press ? or * to list all spells.
Aiming: Fulminant Prism (dangerous; 1% risk of failure)
Press: ? - help, Dir - move target You conjure a prism of explosive energy!
A fulminant prism comes into view.
The rime drake bites your fulminant prism but does no damage. 😎 MP[-3]
You lost 3 mp, and now have 22/25 mp.
The rime drake bites your fulminant prism.
Your fulminant prism crackles loudly.
The rime drake breathes ice at you.
The flash freeze hits your fulminant prism!
Your fulminant prism partially resists.
The blast of energy engulfs the rime drake!!
You kill the rime drake!
You have reached level 12! 😎 HP[+5] MP[+1]
You now have 66 max hp (+5).
Your hp is fully restored (66).
You now have 1487 gold pieces (gained 6).
Things that are here:
a +0 dagger; a +2 robe of willpower 😎 MP[+3]
Your mp is fully restored (26).
You now have 1505 gold pieces (gained 18).
Things that are here:
a +0 short sword; a +0 robe; a +0 buckler
Things that are here:
a +0 dagger; a +2 robe of willpower
Found a stone staircase leading down.
A yak comes into view.
Casting: Fulminant Prism (dangerous; 1% risk of failure)
Confirm with . or Enter, or press ? or * to list all spells.
Aiming: Fulminant Prism (dangerous; 1% risk of failure)
Press: ? - help, Dir - move target You conjure a prism of explosive energy!
The yak bellows!
A fulminant prism comes into view.
You hear a bellow!
You hear a croak.
You hear a bellow! 😎 MP[-4]
You lost 4 mp, and now have 22/26 mp.
You hear a bellow! x2
The bog body casts a spell at you.
The bolt of cold hits your fulminant prism!
Your fulminant prism resists.
The bolt of cold hits you!!
Your fulminant prism crackles loudly. 😮 HP[-32] MP[+1]
You take 32 damage, and now have 34/66 hp.
MASSIVE DAMAGE!! (PAUSE)
The bog body gestures at you while chanting.
The bolt of cold hits your fulminant prism!
Your fulminant prism resists.
The bolt of cold hits you!!!
Ouch! That really hurt!
You die...
Your body crumbles into a pile of gold.

Skill      XL: |  1  2  3  4  5  6  7  8  9 10 11 |
---------------+----------------------------------+-----
Spellcasting   | 3 4 5 6 7 8 9 10 | 10.0
Conjurations   | 5 6 7 9 10 12 | 12.0
Hexes          | 3 6 7 |  7.8
Translocations | 3 6 7 |  7.8
Dodging        | |  2.0
Stealth        | |  2.6

Action                   |  1- 3 |  4- 6 |  7- 9 | 10-12 || total
-------------------------+-------+-------+-------+-------++-------
Melee: Unarmed           |     6 |       |       |       ||     6
       Constrict         |     4 |     1 |       |     1 ||     6
       Tentacles         |     1 |       |       |     1 ||     2
       Rapier            |     4 |       |       |       ||     4
       Short sword       |       |     2 |       |       ||     2
       Dagger            |       |       |       |     7 ||     7
Throw: Dart              |       |       |     1 |       ||     1
 Cast: Magic Dart        |    69 |    58 |   134 |    68 ||   329
       Searing Ray       |       |     3 |    44 |    17 ||    64
       Fulminant Prism   |       |       |     9 |    75 ||    84
       Iskenderun's Myst |       |       |     3 |    39 ||    42
Evoke: Wand              |       |     7 |     2 |     4 ||    13
  Use: Scroll            |       |     8 |     6 |       ||    14
       Potion            |       |     4 |     8 |     1 ||    13
 Stab: Sleeping          |     1 |       |       |       ||     1
Armor: Skin              |     1 |       |    15 |     5 ||    21
Dodge: Dodged            |     8 |     7 |    56 |    49 ||   120

Levels and vault maps discovered:
D:1:      matt_arrival_los_fun, layout_basic, serial_shops, shop,
          nrook_campfire, amcnicky_mini_corridor_feature
D:2:      layout_loops_cross, serial_aquarium, aquarium_bridge_straight
          [aquarium_subvault_bridge, aquarium_subvault_balcony,
          aquarium_subvault_bridge, aquarium_subvault_balcony],
          aquarium_bridge_square [aquarium_subvault_wall,
          aquarium_subvault_bridge, aquarium_subvault_window,
          aquarium_subvault_bridge], aquarium_window_corner, aquarium_window_1,
          aquarium_window_corner, aquarium_view_2d, aquarium_view_2d,
          aquarium_pool_1, basic_altar
D:3:      layout_basic, serial_shops, nicolae_shop_hallway_stairs,
          minmay_misc_feat_five
D:4:      layout_gridville, chequers_serial_rivers_marsh,
          sigmund_edmund_badplayer
D:5:      layout_cave_pools, nicolae_overflow_crystal_walls,
          nicolae_vehumet_radiance, mainiacjoe_overflow_24_doors,
          gammafunk_ghost_necromancy, enter_ossuary_1
D:6:      layout_loops_ring, grunt_qazlal_clouds, serial_shops,
          kennysheep_little_box, minmay_checkerbox
D:7:      layout_loops_ring, nicolae_ashenzari_skybound, temple_pool_b,
          serial_shops, shop, uniq_joseph
D:8:      layout_rooms, dpeg_lair_monsters, gammafunk_ghost_spectres
D:9:      layout_roguey, nicolae_sif_muna_condensation, nicolae_lava_and_water
D:10:     old_forge, layout_basic, serial_corexii_hall, corexii_hall_statues_x,
          corexii_hall_statues_s
Temple:   nicolae_temple_slightly_damp_pantheon
Lair:1:   layout_chaotic_city, lemuel_centaur_altar, grunt_megastairs_4,
          infiniplex_staircase_pool_2
Lair:2:   kb_forest_paths, layout_cave_pods, skrybe_swamp_entry_bodies,
          serial_bayou_shore_a

Notes
Turn   | Place    | Note
-------+----------+-------------------------------------------
     0 | D:1      | spiderkeys the Octopode Conjurer began the quest for the
                  | Orb.
     0 | D:1      | Reached XP level 1. HP: 11/11 MP: 3/3
     0 | D:1      | magus.rc [v1.11.3]
   256 | D:1      | Reached XP level 2. HP: 17/17 MP: 0/5
   425 | D:1      | Learned a level 2 spell: Searing Ray
  1069 | D:1      | You pick up a book of Air and begin reading...
  1069 | D:1      | You add the spells Shock, Swiftness and Airstrike to your
                  | library.
  1071 | D:1      | Found Juod's General Store.
  1280 | D:2      | Found a sparkling altar of Nemelex Xobeh.
  1470 | D:2      | Reached XP level 3. HP: 21/21 MP: 2/7
  1792 | D:2      | You pick up a book of Necromancy and begin reading...
  1792 | D:2      | You add the spells Necrotise, Vampiric Draining and Agony
                  | to your library.
  2168 | D:3      | Reached skill level 3 in Spellcasting
  2382 | D:3      | Reached XP level 4. HP: 27/27 MP: 5/8
  2451 | D:3      | Found Loloadupha's Weapon Boutique.
  3244 | D:4      | Reached skill level 5 in Conjurations
  3289 | D:4      | Reached XP level 5. HP: 31/31 MP: 8/10
  3357 | D:4      | Identified the +0 helmet "Tynlech" {rC++}
  3390 | D:4      | HP: 7/31 [something (2)]
  3391 | D:4      | HP: 1/31 [poisoned by an orc wizard]
  4181 | D:4      | Reached skill level 4 in Spellcasting
  4277 | D:4      | Noticed Edmund
  4285 | D:4      | HP: 7/31 [Edmund/+1 flail of holy wrath (4)]
  4286 | D:4      | Killed Edmund
  4287 | D:4      | Reached skill level 6 in Conjurations
  4287 | D:4      | Reached XP level 6. HP: 8/36 MP: 7/12
  4527 | D:4      | Noticed Sigmund
  4530 | D:4      | Killed Sigmund
  4531 | D:4      | Reached skill level 5 in Spellcasting
  4531 | D:4      | Reached XP level 7. HP: 41/41 MP: 12/14
  4617 | D:5      | Entered Level 5 of the Dungeon
  4823 | D:5      | Found a sand-covered staircase.
  4832 | Ossuary  | Entered an ossuary
  5469 | D:5      | Reached skill level 7 in Conjurations
  5542 | D:5      | Found a radiant altar of Vehumet.
  5647 | D:5      | Found a sacrificial altar of Ru.
  5688 | D:5      | Found a sparkling altar of Nemelex Xobeh.
  5756 | D:5      | Found a runed translucent gate.
  5758 | D:5      | Found a runed translucent gate.
  5758 | D:5      | Noticed kevlar127's ghost (novice TrBe)
  5759 | D:5      | Found a runed translucent gate.
  5960 | D:6      | Reached skill level 6 in Spellcasting
  5960 | D:6      | Reached XP level 8. HP: 43/46 MP: 9/17
  6312 | D:6      | Found Cikkil's Armour Shoppe.
  6662 | D:6      | Reached skill level 8 in Conjurations
  6975 | D:6      | Found a stormy altar of Qazlal.
  6981 | D:6      | Reached skill level 7 in Spellcasting
  7178 | D:7      | Found a staircase to the Ecumenical Temple.
  7187 | Temple   | Entered the Ecumenical Temple
  7276 | Temple   | Became a worshipper of Gozag Ym Sagoz the Greedy
  7288 | D:7      | Found Roruxirch's Jewellery Shoppe.
  7301 | D:7      | Noticed Joseph
  7313 | D:7      | Killed Joseph
  7314 | D:7      | Reached skill level 9 in Conjurations
  7314 | D:7      | Reached XP level 9. HP: 44/51 MP: 17/20
  7601 | D:7      | Learned a level 4 spell: Fulminant Prism
  7606 | D:7      | Learned a level 4 spell: Iskenderun's Mystic Blast
  7731 | D:7      | Found a broken altar of Ashenzari.
  7861 | D:7      | You pick up a book of Minor Magic and begin reading...
  7861 | D:7      | You add the spells Call Imp and Mephitic Cloud to your
                  | library.
  7938 | D:7      | Reached skill level 1 in Hexes
  7949 | D:7      | Reached skill level 8 in Spellcasting
  7949 | D:7      | Reached skill level 1 in Translocations
  8054 | D:7      | Reached skill level 2 in Hexes
  8054 | D:7      | Reached skill level 2 in Translocations
  8329 | D:8      | Noticed a death yak
  8331 | D:8      | Reached skill level 3 in Hexes
  8331 | D:8      | Reached skill level 3 in Translocations
  8332 | D:8      | Noticed a death yak
  8427 | D:8      | Noticed a death yak
  8441 | D:8      | Found a runed translucent gate.
  8442 | D:8      | Found a runed translucent gate.
  8443 | D:8      | Found a runed translucent gate.
  8531 | D:8      | Noticed a troll
  8771 | D:8      | Reached XP level 10. HP: 47/56 MP: 11/22
  9006 | D:8      | Reached skill level 4 in Hexes
  9006 | D:8      | Reached skill level 4 in Translocations
  9030 | D:8      | Killed a death yak
  9085 | D:8      | Noticed xian's ghost (novice DsCj)
  9148 | D:8      | Reached skill level 10 in Conjurations
  9172 | D:8      | Killed a death yak
  9173 | D:8      | Reached skill level 5 in Hexes
  9173 | D:8      | Reached skill level 5 in Translocations
  9174 | D:8      | Killed a death yak
  9253 | D:8      | Found a staircase to the Lair.
  9778 | D:9      | Found a shimmering blue altar of Sif Muna.
  9822 | D:9      | Noticed a two-headed ogre
  9833 | D:9      | Killed a two-headed ogre
  9834 | D:9      | Reached skill level 6 in Hexes
  9834 | D:9      | Reached skill level 6 in Translocations
  9853 | D:9      | Reached skill level 9 in Spellcasting
  9869 | D:9      | Reached XP level 11. HP: 61/61 MP: 7/24
 10169 | D:9      | Identified the +4 ring mail "Tiufi" {rPois Will+++ Regen+
                  | Int-5}
 10855 | D:9      | Noticed a green ugly thing
 10864 | D:9      | Reached skill level 7 in Hexes
 10864 | D:9      | Reached skill level 7 in Translocations
 11120 | D:9      | Killed a green ugly thing
 11343 | D:10     | Entered Level 10 of the Dungeon
 11345 | D:10     | You add the spells Conjure Flame, Sticky Flame and Death's
                  | Door to your library.
 11345 | D:10     | Got Sif Muna's Textbook on the Mortuary Volcanoes
 11349 | D:10     | Noticed a two-headed ogre
 11551 | D:10     | Reached skill level 11 in Conjurations
 12163 | Lair:1   | Entered Level 1 of the Lair of Beasts
 12485 | Lair:1   | Reached skill level 10 in Spellcasting
 12671 | Lair:1   | Reached skill level 12 in Conjurations
 12816 | Lair:1   | HP: 15/61 [centaur/arrow (13)]
 12957 | Lair:1   | Found a broken altar of Ashenzari.
 13328 | Lair:2   | Noticed a bog body
 13328 | Lair:2   | Noticed a bog body
 13328 | Lair:2   | Found a staircase to the Swamp.
 13439 | Lair:2   | Reached XP level 12. HP: 66/66 MP: 23/26
 13501 | Lair:2   | Killed from afar by a bog body

Vanquished Creatures
  A two-headed ogre (D:9)
  3 death yaks (D:8)
  An ugly thing (D:9)
  Joseph (D:7)
  A black mamba (Lair:1)
  3 cane toads (Lair:1)
  A rime drake (Lair:2)
  An unseen horror (D:10)
  3 komodo dragons (Lair:1)
  3 trolls
  Sigmund (D:4)
  3 spriggans (Lair:2)
  A wyvern (D:9)
  12 yaks
  Edmund (D:4)
  2 water moccasins
  3 orc warriors
  5 wolves (Lair:1)
  2 ogres
  7 centaurs
  A phantom (D:6)
  A kobold brigand (D:6)
  A necrophage (D:5)
  7 bullfrogs
  A scorpion (D:6)
  6 wights
  10 killer bees
  2 electric eels (D:9)
  4 howler monkeys
  2 centaur zombies (Ossuary)
  A jelly (D:7)
  A human zombie (Ossuary)
  A gnoll bouda (D:6)
  3 hounds
  5 orc priests
  9 orc wizards
  An iguana (D:4)
  4 hell rats (Lair:1)
  4 mummies (Ossuary)
  4 gnolls (D:6)
  7 adders
  4 white imps
  An ufetubus (D:6)
  3 dart slugs
  37 orcs
  5 bats
  5 endoplasms
  2 giant cockroaches
  7 goblins
  2 hobgoblins
  6 jackals
  8 kobolds
  3 quokkas
  5 ball pythons
  5 frilled lizards
  A goblin zombie (Ossuary)
  3 hobgoblin zombies (Ossuary)
  A kobold zombie (Ossuary)
  2 rats
230 creatures vanquished.

Vanquished Creatures (others)
  An orc wizard (D:4)
  84 fulminant prisms
  5 fungi
  7 plants (Lair:2)
97 creatures vanquished.

Grand Total: 327 creatures vanquished

Table legend:
 A = Non-vault XP
 B = Vault XP
 C = Vault XP percentage of total XP
 D = Non-vault monster count
 E = Vault monster count
 F = Vault count percentage of total count
                 A         B        C        D         E       F
            +---------+---------+-------+---------+---------+-------
      Total |   12294 |    6325 |  34.0 |     193 |      38 |  16.5
            +---------+---------+-------+---------+---------+-------
        D:1 |      30 |       0 |   0.0 |      16 |       0 |   0.0
        D:2 |      37 |       0 |   0.0 |      10 |       0 |   0.0
        D:3 |      44 |       0 |   0.0 |      16 |       0 |   0.0
        D:4 |     194 |     385 |  66.5 |      21 |       2 |   8.7
        D:5 |     251 |       0 |   0.0 |      14 |       0 |   0.0
        D:6 |     700 |     142 |  16.9 |      16 |       4 |  20.0
        D:7 |    1014 |     460 |  31.2 |      22 |       1 |   4.3
        D:8 |    1252 |    3059 |  71.0 |      24 |       6 |  20.0
        D:9 |    3847 |       0 |   0.0 |      30 |       0 |   0.0
       D:10 |    1115 |       0 |   0.0 |       8 |       0 |   0.0
     Lair:1 |    3665 |    1040 |  22.1 |      15 |       9 |  37.5
     Lair:2 |     145 |    1026 |  87.6 |       1 |       4 |  80.0
    Ossuary |       0 |     213 | 100.0 |       0 |      12 | 100.0
            +---------+---------+-------+---------+---------+-------

Illustrated notes

Table legend:
 A = Kills in this place as a percentage of kills in entire the game.
 B = Kills by you in this place as a percentage of kills by you in the entire game.
 C = Kills by friends in this place as a percentage of kills by friends in the entire game.
 D = Other kills in this place as a percentage of other kills in the entire game.
 E = Experience gained in this place as a percentage of experience gained in the entire game.
 F = Experience gained in this place divided by the number of levels of this place that you have seen.
                   A       B       C       D       E      F
               +-------+-------+-------+-------+-------+----------------------
         Total | 100.0 | 100.0 |   N/A | 100.0 | 100.0 | 1329.9
       Dungeon |  82.3 |  82.2 |   N/A | 100.0 |  67.3 | 1253.0
          Lair |  12.6 |  12.6 |   N/A |   0.0 |  31.6 | 2938.0
       Ossuary |   5.2 |   5.2 |   N/A |   0.0 |   1.1 | 213.0
               +-------+-------+-------+-------+-------+----------------------

Table legend: (Time is in decaauts)
 A = Elapsed time spent in this place.
 B = Non-inter-level travel time spent in this place.
 C = Inter-level travel time spent in this place.
 D = Time resting spent in this place.
 E = Time spent auto-exploring this place.
 F = Levels seen in this place.
 G = Mean time per level.
                   A        B        C        D        E       F      G
               +--------+--------+--------+--------+--------+-----+--------+
         Total |  13511 |  13014 |    497 |   1951 |   9506 |  14 |  965.1 |
       Dungeon |  11480 |  11032 |    448 |   1798 |   8021 |  10 | 1148.0 |
        Temple |     99 |     90 |      9 |      0 |     73 |   1 |   99.0 |
          Lair |   1337 |   1298 |     39 |    130 |    954 |   2 |  668.5 |
       Ossuary |    593 |    593 |      0 |     23 |    458 |   1 |  593.0 |
               +--------+--------+--------+--------+--------+-----+--------+

Top non-repeatable levels by time:
     D:9: 2293 daAuts
     D:7: 1593 daAuts
     D:4: 1454 daAuts
     D:1: 1242 daAuts
     D:6: 1198 daAuts
  Lair:1: 1189 daAuts
     D:3: 1118 daAuts
     D:8: 870 daAuts
     D:2: 862 daAuts
     D:5: 675 daAuts
 Ossuary: 593 daAuts
    D:10: 171 daAuts
  Lair:2: 148 daAuts
  Temple: 99 daAuts
